 Dungeon Crawl Stone Soup version 0.19-a0-1920-g83281cb (webtiles) character file.

696 Kaname the Conjurer (level 7, -8/43 HPs)
             Began as a High Elf Wanderer on Oct 22, 2016.
             Was an Initiate of Okawaru.
             Mangled by a hippogriff (10 damage)
             ... on level 4 of the Dungeon.
             The game lasted 00:31:24 (8438 turns).

Kaname the Conjurer (High Elf Wanderer)             Turns: 8438, Time: 00:31:26

Health: -8/43      AC:  6    Str:  9    XL:     7   Next: 37%
Magic:  3/11       EV: 11    Int: 21    God:    Okawaru [......]
Gold:   233        SH:  0    Dex: 14    Spells: 2 memorised, 4 levels left

rFire  . . .     SeeInvis .     b - +0 flail (crush)
rCold  + . .     Gourm    .     d - +0 robe
rNeg   . . .     Faith    .     (no shield)
rPois  .         Spirit   .     (helmet restricted)
rElec  .         Reflect  .     h - +2 cloak
rCorr  .         Harm     .     (no gloves)
MR     .....     Rnd*Rage +     l - +0 pair of boots
Stlth  ++........               v - amulet of magic regeneration
                                (no ring)
                                i - ring of protection from cold

@: very slightly contaminated
A: antennae 1, berserk 1
a: Renounce Religion


You were on level 4 of the Dungeon.
You worshipped Okawaru.
Okawaru was noncommittal.
You were not hungry.

You visited 2 branches of the dungeon, and saw 6 of its levels.
You also visited: Sewer.

You collected 233 gold pieces.

Inventory:

Hand Weapons
 b - a +0 flail of crushing (weapon)
 c - a +0 short sword
Missiles
 u - 15 tomahawks (quivered)
Armour
 d - a +0 robe (worn)
 h - a +2 cloak (worn)
 l - a +0 pair of boots (worn)
Jewellery
 i - a ring of protection from cold (left hand)
 v - an amulet of magic regeneration (around neck)
Scrolls
 e - a scroll of blinking {unknown}
 k - 5 scrolls of recharging
 m - a scroll of identify
 n - 3 scrolls of teleportation
 s - a scroll of amnesia {unknown}
 t - a scroll of enchant armour
 w - a scroll of random uselessness {unknown}
Potions
 g - a potion of berserk rage {unknown}
 j - 3 potions of flight
 p - a potion of curing
 q - 2 potions of agility {unknown}
 x - a potion of haste {unknown}
 z - a potion of ambrosia {unknown}
Books
 a - a book of Conjurations

   Spells                             Type                      Level
   a - Magic Dart                     Conjuration                  1
   b - Searing Ray                    Conjuration                  2
   c - Dazzling Spray                 Conjuration/Hexes            3
   d - Fulminant Prism                Conjuration/Hexes            4
   e - Iskenderun's Mystic Blast      Conjuration                  4
   f - Iskenderun's Battlesphere      Conjuration/Charms           5
Comestibles
 f - a bread ration
 o - 3 meat rations


   Skills:
 - Level 1.0 Fighting
 - Level 2.4 Short Blades
 - Level 3.5 Stealth
 - Level 2.0 Spellcasting
 - Level 5.1 Conjurations
 - Level 2.4 Hexes
   Level 1.0 Summonings
 + Level 4.7 Necromancy
   Level 1.0 Evocations


You had 4 spell levels left.
You knew the following spells:

 Your Spells              Type           Power        Failure   Level  Hunger
a - Dazzling Spray        Conj/Hex       ###...       12%         3    ###....
b - Vampiric Draining     Necr           ###.......   10%         3    ###....


Dungeon Overview and Level Annotations

Branches:
Dungeon (5/15)             Temple (1/1) D:4

Altars:
Ashenzari
Cheibriados
Dithmenos
Elyvilon
Fedhas
Gozag
Hepliaklqana
Kikubaaqudgha
Makhleb
Nemelex Xobeh
Okawaru
Qazlal
Ru
Sif Muna
Trog
Uskayaw
Vehumet
Xom
Yredelemnul
Zin
The Shining One

Annotations:
D:3 TZer0's ghost, amateur GrMo


Innate Abilities, Weirdness & Mutations

You have a pair of small antennae on your head.
You tend to lose your temper in combat.


Message History

The hippogriff pecks you. The hippogriff claws you.
Casting: Dazzling Spray
Confirm with . or Enter, or press ? or * to list all spells.
Aiming: Vampiric Draining
Press: ? - help, Shift-Dir - straight line, f/p - hippogriff
Aim: a hippogriff (moderately wounded, blind)
You miscast Vampiric Draining.
You are very lightly contaminated with residual magic.
You hear strange and distant voices.
The hippogriff barely misses you.
The hippogriff pecks you but does no damage.
The hippogriff misses you.
You sock the hippogriff!
The hippogriff is heavily wounded.
The hippogriff bites you!
* * * LOW HITPOINT WARNING * * *
The hippogriff completely misses you. The hippogriff claws you!
* * * LOW HITPOINT WARNING * * *
The hippogriff bites you!
You die...

.....##.# #######.#
#....#########################
####.............................
).........................>######
##.#...######................H..#
>.....)....[..#............####.#
##.############H###############.#
#.# #.......@.............#.#
#.######|#####'#############.#.#
#.#......##.....#### #.#.#
##.#......##........# #.#..
##.#......).........# #.###
...#...(..#.........# #.#
##.#......#.........# #.#
#.#.....<#.##......# #.#
#.#......#.##......# #.#


You could see a hippogriff (blind).

Vanquished Creatures
  A sky beast (D:4)
  An ogre (D:4)
  A scorpion (D:4)
  An orc priest (D:3)
  A bullfrog skeleton (D:4)
  A centaur skeleton (D:3)
  An iguana (D:4)
  Natasha (thrice) (D:3)
  9 gnolls
  3 adders
  4 oozes (Sewer)
  9 worms
  2 dart slugs (D:1)
  9 leopard geckos
  7 orcs (D:3)
  4 ball pythons
  17 bats
  7 giant cockroaches
  11 goblins
  7 hobgoblins
  6 jackals
  10 kobolds
  2 quokkas
  7 frilled lizards
  9 rats
133 creatures vanquished.

Notes
Turn   | Place    | Note
-------+----------+-------------------------------------------
     0 | D:1      | Kaname the High Elf Wanderer began the quest for the Orb.
     0 | D:1      | Kaname set off with: a book of Conjurations, Toumum's Handbook of Sinister Rites, a +0 short sword, a +0 robe, a bread ration
     0 | D:1      | Reached XP level 1. HP: 13/13 MP: 3/3
     0 | D:1      | Identified Toumum's Handbook of Sinister Rites
   238 | D:1      | Reached XP level 2. HP: 18/18 MP: 4/4
   878 | D:1      | Reached XP level 3. HP: 8/23 MP: 5/5
  1048 | D:1      | Learned a level 3 spell: Dazzling Spray
  1675 | D:2      | Upgraded the game from 0.19-a0-1908-g43c011f to 0.19-a0-1920-g83281cb
  1677 | D:2      | Reached skill level 4 in Conjurations
  2144 | D:2      | Reached XP level 4. HP: 16/28 MP: 2/7
  2228 | D:2      | Learned a level 3 spell: Vampiric Draining
  2887 | D:2      | Reached skill level 1 in Necromancy
  3750 | D:3      | Noticed Natasha
  3766 | D:3      | Killed Natasha
  3840 | D:3      | Noticed Natasha
  3855 | D:3      | Killed Natasha
  3855 | D:3      | Reached XP level 5. HP: 28/33 MP: 2/9
  4276 | D:3      | Noticed Natasha
  4288 | D:3      | Killed Natasha
  4315 | D:3      | Noticed TZer0's ghost (amateur GrMo)
  5170 | D:3      | Reached XP level 6. HP: 27/38 MP: 6/10
  5519 | D:4      | Found a glowing drain.
  5591 | Sewer    | Entered a sewer
  6581 | Sewer    | Reached skill level 1 in Hexes
  7186 | D:4      | Found a staircase to the Ecumenical Temple.
  7196 | Temple   | Entered the Ecumenical Temple
  7248 | Temple   | Became a worshipper of Warmaster Okawaru
  7551 | D:4      | Found a sacrificial altar of Ru.
  7831 | D:4      | Reached XP level 7. HP: 16/43 MP: 0/11
  7940 | D:4      | Reached skill level 5 in Conjurations
  8210 | D:5      | Entered Level 5 of the Dungeon
  8266 | D:4      | Gained mutation: You tend to lose your temper in combat. [mutagenic meat]
  8267 | D:4      | Gained mutation: You have a pair of small antennae on your head. [mutagenic meat]
  8314 | D:5      | Noticed a hippogriff
  8438 | D:4      | HP: 2/43 [hippogriff (7)]
  8438 | D:4      | Mangled by a hippogriff

Vault maps used:
D:1:      evilmike_arrival_fibonacci_small, hex_intersection
D:2:      kennysheep_the_goblin_king, minmay_surrounded
D:3:      uniq_natasha
D:4:      portal_sewer_entry_f, nicolae_ru_the_path_less_chosen
D:5:      first_bread, dk_noncrumbling_4
Temple:   kilobyte_greek_temple
Sewer:    sewer_fruit_machine

Skill      XL: |  1  2  3  4  5  6  7 |
---------------+----------------------+-----
Stealth        | 2 3 |  3.5
Conjurations   | 4 5 |  5.1
Spellcasting   | 2 |  2.0
Necromancy     | 2 3 4 |  4.7
Hexes          | 2 |  2.4
Fighting       | |  1.0
Short Blades   | |  2.4
Summonings     | |  1.0
Evocations     | |  1.0

Action                   |  1- 3 |  4- 6 |  7- 9 || total
-------------------------+-------+-------+-------++-------
Melee: Short sword       |   168 |   342 |       ||   510
       Flail             |       |    25 |    20 ||    45
 Cast: Dazzling Spray    |     5 |    20 |     6 ||    31
       Vampiric Draining |       |    27 |     8 ||    35
  Use: Potion            |     1 |     3 |       ||     4
       Scroll            |       |     8 |       ||     8
 Stab: Sleeping          |     5 |     9 |     1 ||    15
       Invisible         |       |     6 |       ||     6
  Eat: Chunk             |     3 |    21 |     3 ||    27
       Pizza             |     1 |       |       ||     1
       Fruit             |       |     4 |       ||     4
       Bread ration      |       |       |     1 ||     1
Armor: Robe              |    48 |   114 |    16 ||   178
Dodge: Dodged            |   102 |   230 |    29 ||   361
